 Dungeon Crawl Stone Soup version 0.22-a0-609-gfedc9ff (webtiles) character file.

1650 Hebeh the Destroyer (level 8, -2/41 HPs)
             Began as a Deep Elf Fire Elementalist on July 10, 2018.
             Was a Follower of Vehumet.
             Slain by Duvessa
             ... wielding a +0 rapier
              (10 damage)
             ... on level 5 of the Dungeon.
             The game lasted 00:41:36 (6312 turns).

Hebeh the Destroyer (Deep Elf Fire Elementalist)    Turns: 6312, Time: 00:41:37

Health: -2/41      AC: 11    Str:  6    XL:     8   Next: 67%
Magic:  9/21       EV: 13    Int: 22    God:    Vehumet [*.....]
Gold:   246        SH:  0    Dex: 15    Spells: 2/21 levels left

rFire    . . .     SeeInvis .   l - +2 rapier (protect)
rCold    . . .     Gourm    .   (no shield)
rNeg     . . .     Faith    .   k - +0 robe
rPois    .         Spirit   .   (no helmet)
rElec    .         Reflect  .   (no cloak)
rCorr    .         Harm     .   (no gloves)
MR       .....                  t - +1 pair of boots
Stlth    ++........             (no amulet)
HPRegen  0.13/turn              (no ring)
MPRegen  0.17/turn              (no ring)

@: protection aura
A: no striking features
a: Renounce Religion


You were on level 5 of the Dungeon.
You worshipped Vehumet.
Vehumet was aware of your devotion.
You were not hungry.

You visited 1 branch of the dungeon, and saw 5 of its levels.

You collected 246 gold pieces.

Inventory:

Hand Weapons
 a - a +0 short sword
 l - a +2 rapier of protection (weapon)
 n - a +2 dagger of venom
 x - a +2 whip of venom
 z - a +3 trident
 B - a +2 whip of flaming
Missiles
 b - 44 stones
 s - 10 javelins (quivered)
 w - 4 tomahawks
 y - 2 silver tomahawks
Armour
 k - a +0 robe (worn)
 t - a +1 pair of boots (worn)
Wands
 A - a wand of polymorph (10)
Scrolls
 f - a scroll of identify
 g - a scroll of teleportation
 h - 5 scrolls of remove curse
 j - 2 scrolls of enchant armour
 m - 2 scrolls of blinking
 r - a scroll of random uselessness {unknown}
 u - 2 scrolls of magic mapping {unknown}
 v - a scroll of amnesia {unknown}
 D - a scroll of enchant weapon {unknown}
Potions
 d - a potion of degeneration {unknown}
 e - a potion of brilliance
 o - a potion of ambrosia {unknown}
 p - a potion of lignification {unknown}
 q - 3 potions of curing
 C - a potion of invisibility {unknown}
Comestibles
 c - 13 rations
 i - a chunk of flesh


   Skills:
 - Level 2.4 Dodging
 - Level 2.4 Stealth
 + Level 7.3 Spellcasting
 * Level 8.0 Conjurations
 * Level 7.8 Fire Magic


You had 2 spell levels left.
You knew the following spells:

 Your Spells              Type           Power        Failure   Level  Hunger
a - Flame Tongue          Conj/Fire      #####        1%          1    None
b - Magic Dart            Conj           ####         1%          1    None
c - Conjure Flame         Conj/Fire      #####...     1%          3    None
d - Throw Flame           Conj/Fire      #####.       1%          2    None
e - Inner Flame           Hex/Fire       ####....     4%          3    None
f - Sticky Flame          Conj/Fire      #####...     3%          4    ###....
g - Fireball              Conj/Fire      #####.....   9%          5    #####..

Your spell library contained the following spells:

 Spells                   Type           Power        Failure   Level  Hunger


Dungeon Overview and Level Annotations

Branches:
Dungeon (5/15)
 Temple: D:4-7

Altars:
Makhleb
Vehumet
Wu Jian
Xom
The Shining One

Annotations:
D:5 Duvessa


Message History

The flame tongue hits Duvessa.
Duvessa appears unharmed.
Duvessa is moderately wounded.
Duvessa hits you with a rapier.
Casting: Flame Tongue (safe; 1% risk of failure)
Confirm with . or Enter, or press ? or * to list all spells.
Aiming: Flame Tongue (safe; 1% risk of failure)
Press: ? - help, Shift-Dir - straight line, f/p - Duvessa
Aim: Duvessa, wielding a rapier and wearing a leather armour (moderately wounded, berserk, fast, unusually strong)
The flame tongue hits Duvessa.
Duvessa is heavily wounded.
Duvessa hits you with a rapier. Duvessa barely misses you.
You hit Duvessa.
Your weapon exudes an aura of protection.
Duvessa is heavily wounded.
Duvessa hits you with a rapier.
* * * LOW HITPOINT WARNING * * *
Duvessa hits you with a rapier.
* * * LOW HITPOINT WARNING * * *
Duvessa hits you with a rapier!
You die...

#.# #.# #.# #.# #####
#.# ##....# ##.#
.......## ######..#
......e.## ####.......#
>..###.@[####..........#
##................#
##..............##
##............##
#...######...# ..r.
#..## ##..# ..?# #..#
##.# #..# #..## #[# #..#
### #...# #.#


You could see Duvessa (berserk).

Vanquished Creatures
  Pikel (D:4)
  Eustachio (D:5)
  A sky beast (D:5)
  A slave (D:4)
  4 ogres
  Dowan (D:5)
  4 scorpions
  A howler monkey (D:5)
  An orc priest (D:3)
  Terence (D:3)
  2 iguanas (D:4)
  A worker ant (D:5)
  A hound zombie (D:5)
  A hound skeleton (D:4)
  9 adders
  An ooze (D:4)
  An adder skeleton (D:4)
  4 worms
  3 dart slugs
  7 orcs
  7 giant cockroaches
  8 goblins
  7 hobgoblins
  7 jackals
  11 kobolds
  3 quokkas
  8 bats
  4 frilled lizards
  10 rats
111 creatures vanquished.

Vanquished Creatures (others)
  An adder (D:4)
  A leopard gecko (D:4)
2 creatures vanquished.

Grand Total: 113 creatures vanquished

Notes
Turn   | Place    | Note
-------+----------+-------------------------------------------
     0 | D:1      | Hebeh the Deep Elf Fire Elementalist began the quest for the Orb.
     0 | D:1      | Reached XP level 1. HP: 10/10 MP: 6/6
   300 | D:1      | Reached XP level 2. HP: 15/15 MP: 6/8
   371 | D:1      | Reached skill level 2 in Conjurations
  1178 | D:2      | Found an ornate altar of the Wu Jian Council.
  1205 | D:2      | Reached XP level 3. HP: 19/19 MP: 3/10
  1348 | D:2      | Found a faded altar of an unknown god.
  1577 | D:2      | Reached skill level 3 in Conjurations
  1745 | D:2      | Reached XP level 4. HP: 24/24 MP: 9/11
  1851 | D:2      | Found a burning altar of Makhleb.
  2089 | D:2      | Found a shimmering altar of Xom.
  2436 | D:3      | Learned a level 2 spell: Throw Flame
  2508 | D:3      | Noticed Terence
  2514 | D:3      | Killed Terence
  2689 | D:3      | Learned a level 3 spell: Conjure Flame
  2847 | D:3      | Reached XP level 5. HP: 28/28 MP: 5/13
  3046 | D:3      | Found a radiant altar of Vehumet.
  3068 | D:3      | Became a worshipper of Vehumet
  3349 | D:3      | Reached skill level 4 in Conjurations
  3715 | D:4      | Noticed an ogre
  3715 | D:4      | Noticed an ogre
  4185 | D:4      | Killed an ogre
  4185 | D:4      | Reached skill level 5 in Spellcasting
  4185 | D:4      | Reached XP level 6. HP: 32/32 MP: 0/15
  4212 | D:4      | Reached skill level 5 in Conjurations
  4370 | D:4      | Reached * piety under Vehumet
  4370 | D:4      | Offered knowledge of Magic Dart by Vehumet.
  4416 | D:4      | Learned a level 1 spell: Magic Dart
  4428 | D:4      | Reached skill level 5 in Fire Magic
  4516 | D:4      | Noticed a slave
  4538 | D:4      | Killed a slave
  4638 | D:4      | Noticed Pikel
  4638 | D:4      | Noticed a slave
  4638 | D:4      | Noticed a slave
  4638 | D:4      | Noticed a slave
  4648 | D:4      | Learned a level 3 spell: Inner Flame
  4656 | D:4      | Killed Pikel
  4656 | D:4      | Reached skill level 6 in Conjurations
  4656 | D:4      | Reached XP level 7. HP: 36/36 MP: 5/18
  4728 | D:4      | Reached XP level 8. HP: 41/41 MP: 8/19
  4921 | D:4      | Reached skill level 7 in Conjurations
  5125 | D:5      | Entered Level 5 of the Dungeon
  5334 | D:5      | Learned a level 4 spell: Sticky Flame
  5340 | D:5      | Learned a level 5 spell: Fireball
  5570 | D:5      | Noticed Eustachio
  5608 | D:5      | Killed Eustachio
  6212 | D:5      | Found a glowing golden altar of the Shining One.
  6293 | D:5      | Noticed Dowan
  6300 | D:5      | Killed Dowan
  6300 | D:5      | Reached skill level 8 in Conjurations
  6303 | D:5      | Noticed Duvessa
  6312 | D:5      | Slain by Duvessa

Vault maps used:
D:1:      mrwooster_arrival_statue_2, minmay_statues_item
D:2:      old_standard_altar, old_standard_altar,
          chequers_ecumenical_altar_simple_redux, tgw_xom
D:3:      vehumet_crystals, first_ration, grunt_ministairs_10, uniq_terence
D:4:      corexii_checkpoint_b, uniq_pikel
D:5:      basic_altar, uniq_eustachio, uniq_duvessa

Skill      XL: |  1  2  3  4  5  6  7  8 |
---------------+-------------------------+-----
Conjurations   | 2 3 4 6 8 |  8.0
Fire Magic     | 4 6 7 |  7.8
Spellcasting   | 4 5 6 7 |  7.3
Dodging        | |  2.4
Stealth        | |  2.4

Action                   |  1- 3 |  4- 6 |  7- 9 || total
-------------------------+-------+-------+-------++-------
Melee: Dagger            |    11 |       |       ||    11
       Short sword       |     1 |       |       ||     1
       Whip              |       |    11 |     9 ||    20
       Rapier            |       |       |     1 ||     1
Throw: Stone             |    46 |    23 |       ||    69
       Javelin           |       |    10 |     2 ||    12
 Cast: Flame Tongue      |    67 |    81 |    57 ||   205
       Throw Flame       |       |    28 |     1 ||    29
       Conjure Flame     |       |     9 |     1 ||    10
       Magic Dart        |       |    15 |    59 ||    74
       Inner Flame       |       |     2 |       ||     2
  Use: Potion            |       |     2 |     2 ||     4
       Scroll            |       |       |     7 ||     7
 Stab: Sleeping          |     1 |     1 |       ||     2
  Eat: Chunk             |     2 |     9 |     3 ||    14
       Ration            |       |       |     1 ||     1
Armor: Robe              |     2 |    12 |    25 ||    39
Dodge: Dodged            |    32 |    46 |    58 ||   136

Table legend:
 A = Spawn XP
 B = Non-spawn XP
 C = Spawn XP percentage of total XP
 D = Spawn monster count
 E = Non-spawn monster count
 F = Spawn count percentage of total count
 G = Total turns spent on level
                    A         B        C        D         E        F      G
               +---------+---------+-------+---------+---------+-------+---------
         Total |       0 |    2358 |   0.0 |       0 |     111 |   0.0 |  6312
               +---------+---------+-------+---------+---------+-------+---------
           D:1 |       0 |      35 |   0.0 |       0 |      19 |   0.0 |  1157
           D:2 |       0 |     100 |   0.0 |       0 |      24 |   0.0 |  1118
           D:3 |       0 |     133 |   0.0 |       0 |      28 |   0.0 |  1665
           D:4 |       0 |    1289 |   0.0 |       0 |      23 |   0.0 |  1185
           D:5 |       0 |     801 |   0.0 |       0 |      17 |   0.0 |  1187
               +---------+---------+-------+---------+---------+-------+---------
